TOP OF THE 1ST |
Wisconsin Timber Rattlers batting - Pitching for West Virginia Power : RHP Sam Wilson
|
Pitching: RHP Sam Wilson
|
|
Batting: RHB Jose Cerritos
|
0-0: Called Strike 0-1: Foul Ball, location: 2F 0-2: Strikes out swinging
|
Batting: LHB Fumito Sakurai
|
0-0: Ball 1-0: Ball 2-0: Foul Ball, location: 2F 2-1: Swinging Strike 2-2: Strikes out swinging
|
Batting: LHB Karel Hort
|
0-0: Called Strike 0-1: Ball 1-1: SINGLE (Groundball, 4D, EV 101.9 MPH)
|
Batting: RHB Ryan Miller
|
0-0: Called Strike 0-1: Called Strike 0-2: Foul Ball, location: 2F 0-2: Ball 1-2: Strikes out looking
|
Top of the 1st over - 0 runs, 1 hit, 0 errors, 1 left on base; Wisconsin 0 - West Virginia 0 |
BOTTOM OF THE 1ST |
West Virginia Power batting - Pitching for Wisconsin Timber Rattlers : RHP Josh Brakefield
|
Pitching: RHP Josh Brakefield
|
|
Batting: RHB John Savard
|
0-0: Ball 1-0: Ground out 5-3 (Groundball, 56, EV 90.6 MPH)
|
Batting: LHB Norm Silveira-Wray
|
0-0: Called Strike 0-1: Swinging Strike 0-2: Strikes out swinging
|
Batting: RHB Hidesuke Yoshida
|
0-0: Ball 1-0: Called Strike 1-1: Ball 2-1: Foul Ball, location: 2F 2-2: Ground out U3 (Groundball, 3, EV 81.9 MPH)
|
Bottom of the 1st over - 0 runs, 0 hits, 0 errors, 0 left on base; Wisconsin 0 - West Virginia 0 |
TOP OF THE 2ND |
Wisconsin Timber Rattlers batting - Pitching for West Virginia Power : RHP Sam Wilson
|
Batting: RHB Xiao-shuang Au
|
0-0: Called Strike 0-1: Foul Ball, location: 2F 0-2: Strikes out swinging
|
Batting: LHB John Fortin
|
0-0: Called Strike 0-1: Called Strike 0-2: Ball 1-2: Strikes out swinging
|
Batting: RHB Tony Beaumond
|
0-0: Called Strike 0-1: Fly out, F9 (Line Drive, 9LM, EV 101.2 MPH)
|
Top of the 2nd over - 0 runs, 0 hits, 0 errors, 0 left on base; Wisconsin 0 - West Virginia 0 |
BOTTOM OF THE 2ND |
West Virginia Power batting - Pitching for Wisconsin Timber Rattlers : RHP Josh Brakefield
|
Batting: RHB Rusty Trader
|
0-0: Foul Ball, location: 2F 0-1: Swinging Strike 0-2: Ball 1-2: Hit by Pitch
|
Batting: RHB Gary Ming
|
0-0: Ball Rusty Trader steals 2nd, throwing error, E2 Rusty Trader to third 1-0: Ball 2-0: Ground out 5-3 (Groundball, 56S, EV 80.6 MPH) Rusty Trader scores
|
Batting: RHB Jaime Dubicki
|
0-0: SINGLE (Groundball, 56D, EV 94.4 MPH)
|
Batting: RHB Randy Bergman
|
0-0: Ball 1-0: Ball 2-0: Ball 3-0: Base on Balls Jaime Dubicki to second
|
Batting: RHB David Zelaya
|
0-0: Ball 1-0: Grounds into double play, 6-4-3 (Groundball, 6, EV 105.6 MPH)
|
Bottom of the 2nd over - 1 run, 1 hit, 1 error, 1 left on base; Wisconsin 0 - West Virginia 1 |
TOP OF THE 3RD |
Wisconsin Timber Rattlers batting - Pitching for West Virginia Power : RHP Sam Wilson
|
Batting: SHB Robert Sayer
|
0-0: Foul Ball, location: 2F 0-1: Ball 1-1: Ball 2-1: Foul Ball, location: 2F 2-2: Reached on error, E4 (Groundball, 4S, EV 86.2 MPH)
|
Batting: RHB Chris Fruit
|
0-0: Called Strike 0-1: Ground out 6-3 (Groundball, 6, EV 78.1 MPH) Robert Sayer to third
|
Batting: RHB Jose Cerritos
|
0-0: Ball 1-0: Foul Ball, location: 2F 1-1: SINGLE (Line Drive, 5D, EV 94.4 MPH) Robert Sayer scores
|
Batting: LHB Fumito Sakurai
|
0-0: Called Strike 0-1: Called Strike 0-2: Ball 1-2: Ball 2-2: Grounds into double play, 4-6-3 (Groundball, 4, EV 98.8 MPH)
|
Top of the 3rd over - 1 run, 1 hit, 1 error, 0 left on base; Wisconsin 1 - West Virginia 1 |
BOTTOM OF THE 3RD |
West Virginia Power batting - Pitching for Wisconsin Timber Rattlers : RHP Josh Brakefield
|
Batting: RHB Hugo Montemayor
|
0-0: Ball 1-0: TRIPLE (Flyball, 8RXD, EV 85.6 MPH)
|
Batting: RHB John Savard
|
0-0: Fly out, F8 (Flyball, 8RD, EV 106.9 MPH) Runner from 3rd tags up, SCORES, throw by CF
|
Batting: LHB Norm Silveira-Wray
|
0-0: Ball 1-0: Foul Ball, location: 2F 1-1: Ball 2-1: Ball 3-1: Called Strike 3-2: Ground out 5-3 (Groundball, 5, EV 110.0 MPH)
|
Batting: RHB Hidesuke Yoshida
|
0-0: Ball 1-0: Ball 2-0: Called Strike 2-1: Foul Ball, location: 2F 2-2: Ground out 4-3 (Groundball, 4MD, EV 78.8 MPH)
|
Bottom of the 3rd over - 1 run, 1 hit, 0 errors, 0 left on base; Wisconsin 1 - West Virginia 2 |
TOP OF THE 4TH |
Wisconsin Timber Rattlers batting - Pitching for West Virginia Power : RHP Sam Wilson
|
Batting: LHB Karel Hort
|
0-0: Called Strike 0-1: Ground out 5-3 (Groundball, 56, EV 101.2 MPH)
|
Batting: RHB Ryan Miller
|
0-0: Called Strike 0-1: Called Strike 0-2: Ground out 3-1 (Groundball, 34, EV 83.1 MPH)
|
Batting: RHB Xiao-shuang Au
|
0-0: Called Strike 0-1: Ball 1-1: Ball 2-1: Swinging Strike 2-2: Foul Ball, location: 2F 2-2: Foul Ball, location: 2F 2-2: Foul Ball, location: 2F 2-2: Strikes out swinging
|
Top of the 4th over - 0 runs, 0 hits, 0 errors, 0 left on base; Wisconsin 1 - West Virginia 2 |
BOTTOM OF THE 4TH |
West Virginia Power batting - Pitching for Wisconsin Timber Rattlers : RHP Josh Brakefield
|
Batting: RHB Rusty Trader
|
0-0: Ball 1-0: Called Strike 1-1: SINGLE (Flyball, 3D, EV 95.0 MPH)
|
Batting: RHB Gary Ming
|
0-0: Grounds into double play, 4-6-3 (Groundball, 34, EV 75.6 MPH)
|
Batting: RHB Jaime Dubicki
|
0-0: Ball 1-0: Ball 2-0: Ball 3-0: Base on Balls
|
Batting: RHB Randy Bergman
|
0-0: Ball 1-0: Ball 2-0: Fly out, F8 (Flyball, 8LD, EV 92.5 MPH)
|
Bottom of the 4th over - 0 runs, 1 hit, 0 errors, 1 left on base; Wisconsin 1 - West Virginia 2 |
TOP OF THE 5TH |
Wisconsin Timber Rattlers batting - Pitching for West Virginia Power : RHP Sam Wilson
|
Batting: LHB John Fortin
|
0-0: Swinging Strike 0-1: Ball 1-1: Ground out 4-3 (Groundball, 4S, EV 93.8 MPH)
|
Batting: RHB Tony Beaumond
|
0-0: Ball 1-0: Swinging Strike 1-1: Ground out 1-3 (Groundball, 34S, EV 69.4 MPH)
|
Batting: SHB Robert Sayer
|
0-0: Ball 1-0: Called Strike 1-1: Fly out, F7 (Line Drive, 78M, EV 96.2 MPH)
|
Top of the 5th over - 0 runs, 0 hits, 0 errors, 0 left on base; Wisconsin 1 - West Virginia 2 |
BOTTOM OF THE 5TH |
West Virginia Power batting - Pitching for Wisconsin Timber Rattlers : RHP Josh Brakefield
|
Batting: RHB David Zelaya
|
0-0: Ground out 5-3 (Groundball, 56S, EV 83.1 MPH)
|
Batting: RHB Hugo Montemayor
|
0-0: Called Strike 0-1: Called Strike 0-2: Strikes out looking
|
Batting: RHB John Savard
|
0-0: Ground out 5-3 (Groundball, 56, EV 81.9 MPH)
|
Bottom of the 5th over - 0 runs, 0 hits, 0 errors, 0 left on base; Wisconsin 1 - West Virginia 2 |
TOP OF THE 6TH |
Wisconsin Timber Rattlers batting - Pitching for West Virginia Power : RHP Sam Wilson
|
Batting: RHB Chris Fruit
|
0-0: Ball 1-0: Ball 2-0: Foul Ball, location: 2F 2-1: Ball 3-1: Foul Ball, location: 2F 3-2: Strikes out swinging
|
Batting: RHB Jose Cerritos
|
0-0: Ball 1-0: DOUBLE (Flyball, 8LXD, EV 93.1 MPH)
|
Batting: LHB Fumito Sakurai
|
0-0: Called Strike 0-1: Swinging Strike 0-2: Ball 1-2: Ground out 3-1 (Groundball, 34, EV 105.0 MPH) Jose Cerritos to third
|
Batting: LHB Karel Hort
|
0-0: Called Strike 0-1: Swinging Strike 0-2: Foul Ball, location: 2F 0-2: Strikes out swinging
|
Top of the 6th over - 0 runs, 1 hit, 0 errors, 1 left on base; Wisconsin 1 - West Virginia 2 |
BOTTOM OF THE 6TH |
West Virginia Power batting - Pitching for Wisconsin Timber Rattlers : RHP Josh Brakefield
|
Batting: LHB Norm Silveira-Wray
|
0-0: Called Strike 0-1: Ball 1-1: Ball 2-1: Swinging Strike 2-2: Ground out 5-3 (Groundball, 5, EV 93.1 MPH)
|
Batting: RHB Hidesuke Yoshida
|
0-0: Ball 1-0: Ball 2-0: Called Strike 2-1: Ground out 6-3 (Groundball, 6, EV 76.9 MPH)
|
Batting: RHB Rusty Trader
|
0-0: Called Strike 0-1: Swinging Strike 0-2: Ball 1-2: Foul Ball, location: 2F 1-2: Strikes out swinging
|
Bottom of the 6th over - 0 runs, 0 hits, 0 errors, 0 left on base; Wisconsin 1 - West Virginia 2 |
TOP OF THE 7TH |
Wisconsin Timber Rattlers batting - Pitching for West Virginia Power : RHP Sam Wilson
|
Batting: RHB Ryan Miller
|
0-0: SINGLE (Groundball, 6MD, EV 97.5 MPH)
|
Batting: RHB Xiao-shuang Au
|
0-0: Ball Ryan Miller is caught stealing 2nd base 2-4 1-0: Ball 2-0: Called Strike 2-1: Ball 3-1: Foul Ball, location: 2F 3-2: SINGLE (Line Drive, 7S, EV 95.0 MPH)
|
Batting: LHB John Fortin
|
0-0: Ball 1-0: Ball 2-0: Ball 3-0: Called Strike 3-1: Called Strike 3-2: Foul Ball, location: 2F 3-2: Base on Balls Xiao-shuang Au to second
|
Pinch Hitting: SHB Sam Bingham
|
0-0: Foul Ball, location: 2F 0-1: Foul Ball, location: 2F 0-2: Ball 1-2: Foul Ball, location: 2F 1-2: Ball 2-2: Strikes out swinging
|
Batting: SHB Robert Sayer
|
0-0: Called Strike 0-1: Hit by Pitch Xiao-shuang Au to third John Fortin to second
|
Batting: RHB Chris Fruit
|
0-0: Ball 1-0: Ball 2-0: Ball 3-0: Called Strike 3-1: Foul Ball, location: 2F 3-2: Foul Ball, location: 2F 3-2: Strikes out swinging
|
Top of the 7th over - 0 runs, 2 hits, 0 errors, 3 left on base; Wisconsin 1 - West Virginia 2 |
BOTTOM OF THE 7TH |
West Virginia Power batting - Pitching for Wisconsin Timber Rattlers : RHP Josh Brakefield
|
Now at 2B: Sam Bingham
|
|
Now at 3B: Xiao-shuang Au
|
|
Batting: RHB Gary Ming
|
0-0: SINGLE (Groundball, 34D, EV 95.0 MPH)
|
Batting: RHB Jaime Dubicki
|
0-0: Sac Bunt to P - play at first, batter OUT! 1-3 Gary Ming to second
|
Batting: RHB Randy Bergman
|
0-0: Swinging Strike 0-1: Fly out, F9 (Flyball, 9, EV 91.9 MPH)
|
Batting: RHB David Zelaya
|
0-0: Called Strike 0-1: Ball 1-1: Foul Ball, location: 2F 1-2: Ball 2-2: Ball 3-2: Base on Balls
|
Batting: RHB Hugo Montemayor
|
0-0: Ball 1-0: Foul Ball, location: 2F 1-1: SINGLE (Groundball, 6MD, EV 95.6 MPH) Gary Ming to third David Zelaya to second Throwing error, E8 Gary Ming scores David Zelaya to third Hugo Montemayor to second
|
Batting: RHB John Savard
|
0-0: SINGLE (Line Drive, 8LS, EV 90.0 MPH) David Zelaya scores Hugo Montemayor to third Runner from 3rd tries for Home, SAFE, throw by CF to home
|
Pitching: RHP Pat Spry
|
|
Batting: LHB Norm Silveira-Wray
|
0-0: Ball John Savard steals 2nd base 1-0: Ball 2-0: Ball 3-0: Base on Balls
|
Batting: RHB Hidesuke Yoshida
|
0-0: Ball 1-0: Ball 2-0: Swinging Strike 2-1: Ball 3-1: Base on Balls John Savard to third Norm Silveira-Wray to second
|
Batting: RHB Rusty Trader
|
0-0: Ball 1-0: Fly out, F5 (Line Drive, 5L, EV 71.2 MPH)
|
Bottom of the 7th over - 3 runs, 3 hits, 1 error, 3 left on base; Wisconsin 1 - West Virginia 5 |
TOP OF THE 8TH |
Wisconsin Timber Rattlers batting - Pitching for West Virginia Power : RHP Sam Wilson
|
Pitching: RHP Ian Ferrara
|
|
Batting: RHB Jose Cerritos
|
0-0: Ball 1-0: Foul Ball, location: 2F 1-1: Called Strike 1-2: Ball 2-2: Foul Ball, location: 2F 2-2: Foul Ball, location: 2F 2-2: Strikes out swinging
|
Batting: LHB Fumito Sakurai
|
0-0: Called Strike 0-1: Ground out 4-3 (Groundball, 4, EV 88.8 MPH)
|
Batting: LHB Karel Hort
|
0-0: Ball 1-0: Called Strike 1-1: Called Strike 1-2: Strikes out swinging
|
Top of the 8th over - 0 runs, 0 hits, 0 errors, 0 left on base; Wisconsin 1 - West Virginia 5 |
BOTTOM OF THE 8TH |
West Virginia Power batting - Pitching for Wisconsin Timber Rattlers : RHP Pat Spry
|
Batting: RHB Gary Ming
|
0-0: Ball 1-0: Called Strike 1-1: Swinging Strike 1-2: Strikes out looking
|
Batting: RHB Jaime Dubicki
|
0-0: Called Strike 0-1: Ball 1-1: Ground out U3 (Groundball, 23, EV 83.1 MPH)
|
Batting: RHB Randy Bergman
|
0-0: Ball 1-0: Called Strike 1-1: Ball 2-1: Ball 3-1: DOUBLE (Line Drive, 78D, EV 103.1 MPH)
|
Batting: RHB David Zelaya
|
0-0: Ball 1-0: Foul Ball, location: 2F 1-1: Swinging Strike 1-2: Strikes out looking
|
Bottom of the 8th over - 0 runs, 1 hit, 0 errors, 1 left on base; Wisconsin 1 - West Virginia 5 |
TOP OF THE 9TH |
Wisconsin Timber Rattlers batting - Pitching for West Virginia Power : RHP Ian Ferrara
|
Pitching: RHP Hitoshi Yoshihara
|
|
Batting: RHB Ryan Miller
|
0-0: Ball 1-0: Called Strike 1-1: Foul Ball, location: 2F 1-2: Ball 2-2: Ball 3-2: Ground out U3 (Groundball, 34, EV 103.8 MPH)
|
Batting: RHB Xiao-shuang Au
|
0-0: Foul Ball, location: 2F 0-1: Ground out 6-3 (Groundball, 6MS, EV 83.8 MPH)
|
Batting: LHB John Fortin
|
0-0: Foul Ball, location: 2F 0-1: Ball 1-1: Ball 2-1: Called Strike 2-2: SINGLE (Groundball, 23, EV 67.5 MPH) (infield hit)
|
Batting: SHB Sam Bingham
|
0-0: Hit by Pitch John Fortin to second
|
Pitching: RHP Justin West
|
|
Batting: SHB Robert Sayer
|
0-0: Called Strike 0-1: Foul Ball, location: 2F 0-2: Strikes out swinging
|
Top of the 9th over - 0 runs, 1 hit, 0 errors, 2 left on base; Wisconsin 1 - West Virginia 5 |
|